 Seeded DCSS version 0.29.1-1-gd02db6906a (webtiles) character file.

Game seed: 1050451780467462564 (custom seed)

1 GigaChad the Trooper (level 1, 0/18 HPs)
             Began as a Demonspawn Berserker on Sept 19, 2022.
             Was a Follower of Trog.
             Slain by a giant cockroach (1 damage)
             ... on level 1 of the Dungeon.
             The game lasted 00:00:34 (88 turns).

GigaChad the Trooper (Demonspawn Berserker)           Turns: 88, Time: 00:00:34

Health: 0/18       AC:  2    Str: 17    XL:     1   Next: 16%
Magic:  1/1        EV: 12    Int:  8    God:    Trog [*.....]
Gold:   1009       SH:  0    Dex: 12    Spells: 0/0 levels left

rFire   . . .      SeeInvis .   a - +0 falchion
rCold   . . .      Faith    .   (no shield)
rNeg    . . .      Spirit   .   b - +0 animal skin
rPois   .          Reflect  .   (no helmet)
rElec   .          Harm     .   (no cloak)
rCorr   .          Rampage  .   (no gloves)
Will    .....                   (no boots)
Stlth   +.........              (no amulet)
HPRegen 0.06/turn               (no ring)
MPRegen 0.07/turn               (no ring)

@: no status effects
A: no striking features
a: Renounce Religion, Berserk


You were on level 1 of the Dungeon.
You worshipped Trog.
Trog was aware of your devotion.
You visited 1 branch of the dungeon, and saw 1 of its levels.

You collected 1009 gold pieces.

Inventory:

Hand Weapons
 a - a +0 falchion (weapon)
Armour
 b - a +0 animal skin (worn)
Jewellery
 c - a ring of positive energy


   Skills:
 + Level 3.0 Fighting
 + Level 2.7 Long Blades
 + Level 1.7 Armour
 + Level 1.7 Dodging


You couldn't memorise any spells.
You didn't know any spells.
Your spell library was empty.

Dungeon Overview and Level Annotations

Branches:
Dungeon (1/15)

Altars:


Message History

The bat is moderately wounded.
The bat hits you but does no damage. The giant cockroach barely misses you.
The giant cockroach bites you. The bat hits you but does no damage.
You closely miss the bat.
The bat is moderately wounded.
The bat hits you but does no damage. The giant cockroach closely misses you.
The bat barely misses you. The giant cockroach barely misses you.
The bat hits you but does no damage.
You closely miss the giant cockroach. The bat barely misses you.
The giant cockroach bites you. x2; The kobold hits you but does no damage.
You closely miss the giant cockroach. The bat barely misses you.
The giant cockroach bites you but does no damage.
The kobold hits you with a +0 club.
You closely miss the giant cockroach. The bat barely misses you.
The giant cockroach barely misses you. The kobold hits you with a +0 club.
The giant cockroach bites you.
You hit the giant cockroach but do no damage.
The bat hits you but does no damage. The kobold misses you.
The giant cockroach bites you but does no damage.
You hit the giant cockroach but do no damage.
The bat closely misses you. x2; The giant cockroach closely misses you.
The kobold hits you with a +0 club.
You barely miss the giant cockroach. The bat hits you but does no damage.
The giant cockroach closely misses you. The kobold hits you with a +0 club.
* * * LOW HITPOINT WARNING * * *
The giant cockroach barely misses you.
You hit the giant cockroach.
The giant cockroach is moderately wounded.
The bat misses you. The kobold closely misses you.
The giant cockroach closely misses you. The kobold hits you with a +0 club.
* * * LOW HITPOINT WARNING * * *
The bat completely misses you.
You hit the giant cockroach.
The giant cockroach is heavily wounded.
The bat barely misses you. The giant cockroach bites you.
* * * LOW HITPOINT WARNING * * *
The giant cockroach bites you but does no damage.
The kobold hits you but does no damage. The bat hits you but does no damage.
The giant cockroach bites you.
You die...

.b .......#.
..h.............
...#.!##........
#...............
#.#..........$..
..#
......#........
..## #...#....#
##... ..#
#..bB....#
....##..
#..bK@...#
##.....#
##..b.!..#
#..##..#
##....#####
#...#..####....##
..#...###......#
..(...#...#....#
........###....#
######### #....#
######


You could see a jackal (wandering), a giant cockroach, 3 bats and a kobold.

Vanquished Creatures
  An endoplasm (D:1)
1 creature vanquished.

Notes
Turn   | Place    | Note
-------+----------+-------------------------------------------
     0 | D:1      | GigaChad the Demonspawn Berserker began the quest for the
                  | Orb.
     0 | D:1      | Reached XP level 1. HP: 18/18 MP: 1/1
     4 | D:1      | Identified a scroll of acquirement
     4 | D:1      | Acquired 1000 gold pieces
    88 | D:1      | Slain by a giant cockroach

Illustrated notes

Levels and vault maps discovered:
D:1:      nicolae_arrival_memento_mori, layout_rooms, minmay_crystal_water

Action                   || total
-------------------------++-------
Melee: Falchion          ||    13
  Use: Scroll            ||     1
Armor: Animal skin       ||    15
Dodge: Dodged            ||    31
